[Event "*** Titled Tuesday Blitz"]
[Site "Chess.com"]
[Date "2019.12.03"]
[Round "10"]
[White "Gentlejimmy7"]
[Black "VladimirBelous"]
[Result "1/2-1/2"]
[WhiteElo "2610"]
[BlackElo "2751"]
[TimeControl "180+2"]
[EndTime "15:17:38 PST"]
[Termination "Game drawn - insufficient material"]

1. d4 c5 2. Nf3 cxd4 3. Nxd4 g6 4. g3 Bg7 5. Bg2 Nc6 6. Nxc6 bxc6 7. c4 Nf6 8. O-O O-O 9. Nc3 Ba6 10. Qa4 Bb7 11.
Rd1 d6 12. b3 Nd7 13. Bb2 a5 14. Rab1 Qc8 15. Ne4 Bxb2 16. Rxb2 c5 17. Nc3 Nb6 18. Qa3 Bxg2 19. Kxg2 a4 20. Rbb1 Qc6+ 21. Kg1 axb3 22.
Qxb3 Rfb8 23. Qc2 e6 24. Ne4 d5 25. cxd5 Nxd5 26. Rxb8+ Rxb8 27. Qxc5 Qxc5 28. Nxc5 Nc3 29. Rd2 Ra8 30. Kg2 Nxa2 31. Nb7 Kg7 32. Rd7 Ra7 33.
Nc5 Rxd7 34. Nxd7 Nc3 35. e3 f5 36. f4 h6 37. h3 g5 38. g4 Ne4 39. Kf3 Kf7 40.
Ne5+ Ke7 41. Nc4 Nf6 42. Ne5 Nd5 43. fxg5 hxg5 44. gxf5 exf5 45. e4 Ke6 46. Nc4 Nf4 47. exf5+ Kxf5 48. Ne3+ Kg6 49. h4 gxh4 50. Kxf4 h3 51.
Nf5 h2 52. Ng3 h1=Q 53. Nxh1 1/2-1/2

[Event "*** Titled Tuesday Blitz"]
[Site "Chess.com"]
[Date "2019.12.03"]
[Round "10"]
[White "vova-79"]
[Black "tteshan"]
[Result "1-0"]
[WhiteElo "2487"]
[BlackElo "2352"]
[TimeControl "180+2"]
[EndTime "15:17:50 PST"]
[Termination "vova-79 won by resignation"]

1. d4 d5 2. c4 dxc4 3. e3 Nf6 4. Bxc4 e6 5. Nf3 a6 6. O-O b5 7. Be2 Bb7 8. a4 b4 9. Nbd2 Nbd7 10. Nc4 c5 11. b3 Be7 12. Bb2 O-O 13. a5 cxd4 14. Nxd4 Rc8 15. h3 Nc5 16. Nb6 Rc7 17. Bc4 Nfe4 18. Ne2 Bf6 19. Qxd8 Rxd8 20. Bxf6 gxf6 21. Rfd1 Rxd1+ 22. Rxd1 Bc6 23. f3 Nc3 24. Nxc3 bxc3 25. Rc1 Nb7 26. Bxa6 Nxa5 27. Rxc3 Ra7 28. Bd3 Rb7 29.
b4 Rxb6 30. bxa5 1-0

[Event "*** Titled Tuesday Blitz"]
[Site "Chess.com"]
[Date "2019.12.03"]
[Round "10"]
[White "Sanan_Sjugirov"]
[Black "Parhamov"]
[Result "0-1"]
[WhiteElo "2914"]
[BlackElo "3096"]
[TimeControl "180+2"]
[EndTime "15:17:55 PST"]
[Termination "Parhamov won by resignation"]

1. d4 d5 2. c4 e6 3. Nf3 Nf6 4. Nc3 dxc4 5. e4 b5 6. e5 Nd5 7. Nxb5 Nb6 8. Be2 Nc6 9. O-O Be7 10. Nc3 O-O 11. Be3 Bb7 12. Rc1 Nb4 13. a3 N4d5 14.
Na4 Nxe3 15. fxe3 Bg5 16. Kf2 Nd5 17. Nxg5 Qxg5 18. Qd2 Nb6 19. Nc5 Qxg2+ 20. Ke1 Bc6 21. Bh5 Qg5 22. Bf3 Bxf3 23. Rxf3 a5 24. Qf2 Qe7 25. Ke2 Rab8 26. Rg3 Nd7 27. Na4 f6 28. Rcg1 Rf7 29. exf6 Nxf6 30. Qg2 Nd5 31. Qe4 Rxb2+ 0-1

[Event "*** Titled Tuesday Blitz"]
[Site "Chess.com"]
[Date "2019.12.03"]
[Round "10"]
[White "VincentKeymer"]
[Black "Kimster98"]
[Result "1-0"]
[WhiteElo "2661"]
[BlackElo "2569"]
[TimeControl "180+2"]
[EndTime "15:17:58 PST"]
[Termination "VincentKeymer won by resignation"]

1. Nf3 d5 2. g3 Nf6 3. Bg2 c5 4. O-O Nc6 5. c4 d4 6. a3 a5 7. d3 e5 8. e4 Be7 9. Nbd2 h5 10. Nh4 g6 11. Nhf3 Be6 12. Ng5 Bg4 13. f3 Bd7 14. h4 Qc7 15. Bh3 Bxh3 16. Nxh3 O-O 17. Kg2 Qd7 18. Rf2 Nd8 19. a4 Nc6 20. Nf1 Nh7 21.
b3 b6 22. Bd2 Qe8 23. Qe2 Bd6 24. Bh6 f5 25. Bxf8 Qxf8 26. Nd2 f4 27. Rg1 fxg3 28. Kxg3 Nd8 29. Rfg2 Qf6 30. Kh2 Nf8 31. f4 exf4 32.
Nf3 Nf7 33. Nhg5 Ne5 34. Nxe5 Bxe5 35. Nf3 Re8 36. Rg5 Kf7 37. Qg2 Re6 38. Qh3 Ke7 39. R1g2 Kf7 40. Qxe6+ Qxe6 41. Nxe5+ Ke7 42. Nxg6+ Nxg6 43. Rxg6 Qc8 44. Rg7+ Kf6 45. R2g6+ Ke5 46. Re7+ 1-0

[Event "*** Titled Tuesday Blitz"]
[Site "Chess.com"]
[Date "2019.12.03"]
[Round "10"]
[White "GoldenShare"]
[Black "LonesomeGeorge1"]
[Result "1-0"]
[WhiteElo "2470"]
[BlackElo "2322"]
[TimeControl "180+2"]
[EndTime "15:18:00 PST"]
[Termination "GoldenShare won by resignation"]

1. e4 c5 2. Nc3 Nc6 3. Bb5 Nd4 4.
Nf3 g6 5. O-O Bg7 6. Nxd4 cxd4 7.
Ne2 Nf6 8. d3 Qb6 9. Ba4 O-O 10. f4 d6 11. h3 Nd7 12. Qe1 Nc5 13. Bb3 a5 14. Qh4 Qd8 15. f5 b5 16. Bh6 Ra6 17. Nf4 a4 18. fxg6 hxg6 19. Nxg6 axb3 20.
Bxg7 Kxg7 21. Nxf8 Qxf8 22. Qg5+ Kh7 23. Rf4 d5 24. Raf1 f5 25. Rh4+ Rh6 26. Rxh6+ Qxh6 27. Qxe7+ Kh8 28. Qxc5 Be6 29. Qxd4+ Kh7 30. exd5 bxc2 31. dxe6 c1=Q 32. Rxc1 Qxc1+ 33. Kh2 Qc7+ 34. Kg1 Qc1+ 35.
Kf2 Qd2+ 36. Kf3 Qd1+ 37. Kf4 Qf1+ 38. Ke5 Qe2+ 39. Kf6 Qh5 40. Qd7+ 1-0

[Event "*** Titled Tuesday Blitz"]
[Site "Chess.com"]
[Date "2019.12.03"]
[Round "10"]
[White "SirMittensofMittensville"]
[Black "ShahMatKanal"]
[Result "1-0"]
[WhiteElo "2639"]
[BlackElo "2496"]
[TimeControl "180+2"]
[EndTime "15:18:01 PST"]
[Termination "SirMittensofMittensville won by resignation"]

1. e4 c6 2. d3 g6 3. Nf3 d5 4. Qe2 Bg4 5. Nbd2 Bg7 6. g3 e6 7. Bg2 Ne7 8. O-O O-O 9. h3 Bxf3 10. Nxf3 a5 11. c3 a4 12. a3 dxe4 13. dxe4 Qb6 14.
Be3 Qa6 15. Qc2 Nd7 16. Rad1 Rfd8 17. Bg5 f6 18. Be3 Nf8 19. h4 b6 20. Bh3 c5 21.
Rxd8 Rxd8 22. Rd1 Rxd1+ 23. Qxd1 Qa8 24. Qd6 Qxe4 25. Qxe7 Qxf3 26. Bxe6+ Nxe6 27. Qxe6+ Kf8 28. Qxb6 g5 29. hxg5 fxg5 30. Qxc5+ Kf7 31. Qxg5 Qd1+ 32. Kh2 Qb3 33. Qf5+ Kg8 34. Qc8+ Kf7 35. Qc7+ Kg8 36. Qb6 Qc4 37. Bd4 Bf8 38. Qf6 h6 39. Qg6+ 1-0

[Event "*** Titled Tuesday Blitz"]
[Site "Chess.com"]
[Date "2019.12.03"]
[Round "10"]
[White "PawnEatingZombie"]
[Black "SanchezKelvin"]
[Result "1-0"]
[WhiteElo "2162"]
[BlackElo "2399"]
[TimeControl "180+2"]
[EndTime "15:18:17 PST"]
[Termination "PawnEatingZombie won by checkmate"]

1. d4 c5 2. d5 Nf6 3. c4 g6 4. Nc3 Bg7 5. e4 O-O 6. Bd3 e6 7. h3 exd5 8. cxd5 d6 9. Nf3 b5 10. Nxb5 Nxe4 11. Bxe4 Qa5+ 12. Nc3 Re8 13. Ng5 h6 14.
Ne6 fxe6 15. dxe6 Bxe6 16. O-O Nd7 17. Bxg6 Nf6 18. Bxe8 Rxe8 19. Qxd6 Bc4 20. Bxh6 Bxf1 21. Bxg7 Kxg7 22. Rxf1 Qb4 23. Qd2 Qd4 24. Qg5+ Kf7 25. Rd1 Qb4 26. Nd5 Re1+ 27. Rxe1 Qxe1+ 28. Kh2 Ne4 29.
Qf5+ Kg7 30. Nf4 Nxf2 31. Ne6+ Kh6 32. Qg5+ Kh7 33. Qg7# 1-0

[Event "*** Titled Tuesday Blitz"]
[Site "Chess.com"]
[Date "2019.12.03"]
[Round "10"]
[White "HouseOfDurin"]
[Black "Atanejhad"]
[Result "0-1"]
[WhiteElo "2110"]
[BlackElo "2329"]
[TimeControl "180+2"]
[EndTime "15:18:21 PST"]
[Termination "Atanejhad won by checkmate"]

1. d4 Nf6 2. Bg5 c5 3. Bxf6 gxf6 4. c3 e6 5. e3 f5 6. g3 h5 7. h3 h4 8. gxh4 d5 9. Nf3 Nc6 10. Nbd2 Qb6 11. Qb3 Qc7 12. Bb5 c4 13. Bxc6+ Qxc6 14. Qc2 b5 15. b3 a5 16. bxc4 dxc4 17. Ke2 Bb7 18. a4 b4 19. cxb4 axb4 20. Ne5 Qd5 21. Nexc4 Rc8 22. Rhc1 Rxh4 23. a5 Ba6 24. Qa4+ Bb5 25.
Qa2 e5 26. Rh1 exd4 27. exd4 Rxd4 28. Rad1 Be7 29. Rhe1 Kf8 30. f3 Rdxc4 31. Nxc4 Bxc4+ 32. Kf2 Bxa2 33. Rxd5 Bxd5 34. Re5 Be6 35. a6 b3 36. a7 Ra8 37. Rb5 Rxa7 38. Kg3 Kg7 39. h4 Kf6 40. h5 Ra1 41. h6 Rg1+ 42. Kf2 Rh1 43. Ke3 Rxh6 44. Rb6 Rh2 45. Kf4 b2 46. Kg3 Rc2 47.
Rb5 Bd6+ 48. Kh3 Rh2# 0-1

[Event "*** Titled Tuesday Blitz"]
[Site "Chess.com"]
[Date "2019.12.03"]
[Round "10"]
[White "piscatorox"]
[Black "Zq1"]
[Result "0-1"]
[WhiteElo "2288"]
[BlackElo "2551"]
[TimeControl "180+2"]
[EndTime "15:18:26 PST"]
[Termination "Zq1 won by checkmate"]

1. e4 c5 2. Nf3 d6 3. d4 cxd4 4. Qxd4 a6 5. h3 e6 6. c4 Nf6 7. Nc3 Be7 8. Be2 b6 9. O-O Bb7 10. b3 Qc7 11. Bb2 Nbd7 12. Rfd1 O-O 13. Rac1 Rfd8 14.
g4 Ne5 15. Qe3 Nxf3+ 16. Bxf3 h6 17. Bg2 Nd7 18. Kh1 Bg5 19. f4 Bf6 20. Na4 e5 21. Nc3 exf4 22. Qxf4 Bg5 23. Qxd6 Qxd6 24. Rxd6 Bxc1 25.
Bxc1 b5 26. cxb5 axb5 27. a4 Rac8 28. Bd2 bxa4 29. Nxa4 Nf6 30. Rxd8+ Rxd8 31. Bc3 Nxe4 32. Bxe4 Bxe4+ 33. Kh2 Bc2 34. Nc5 Bxb3 35. Ba5 Rb8 36. Nxb3 Rxb3 37. Bc7 f6 38. Bf4 Kf7 39. Kg2 Kg6 40.
Bc1 Rc3 41. Bf4 h5 42. Kh2 Rf3 43. Bc1 hxg4 44. hxg4 f5 45. gxf5+ Kxf5 46. Kg2 Kg4 47. Bb2 g5 48. Bg7 Rd3 49. Bh6 Rd6 50. Bg7 Rd2+ 51. Kf1 Kf3 52. Bh6 Rd1# 0-1

[Event "*** Titled Tuesday Blitz"]
[Site "Chess.com"]
[Date "2019.12.03"]
[Round "10"]
[White "Dhaydon19"]
[Black "sergoy"]
[Result "1-0"]
[WhiteElo "2684"]
[BlackElo "2885"]
[TimeControl "180+2"]
[EndTime "15:18:31 PST"]
[Termination "Dhaydon19 won by resignation"]

1. d4 Nf6 2. Nf3 e6 3. g3 d5 4. Bg2 b5 5. O-O Bb7 6. Ne5 Nbd7 7. Bg5 c5 8. Nxd7 Qxd7 9. Bxf6 gxf6 10. dxc5 Bxc5 11.
Nd2 O-O 12. a4 bxa4 13. e4 d4 14. Qg4+ Kh8 15. Qf4 Be7 16. e5 Bxg2 17. Kxg2 fxe5 18. Qxe5+ f6 19. Qe4 Rab8 20. Nf3 e5 21. Ra2 Rb4 22. Rfa1 Rfb8 23. b3 d3 24. Qxd3 Qc6 25. Qf5 e4 26.
Nh4 R8b5 27. Qf4 e3+ 28. Qf3 Qxf3+ 29. Nxf3 e2 30. Rxa4 Rxa4 31. Rxa4 Re5 32. Ne1 a5 33. c3 Rc5 34. Re4 Bf8 35. c4 Rc7 36. Rxe2 Rb7 37. Re3 Bc5 38. Rf3 Bd4 39. Nc2 Be5 40. Rd3 Kg7 41. Ne3 Kf7 42. Kf3 Ke6 43. Ke4 Bb8 44.
Nf5 Rb4 45. Nd4+ 1-0

[Event "*** Titled Tuesday Blitz"]
[Site "Chess.com"]
[Date "2019.12.03"]
[Round "10"]
[White "jefferyx"]
[Black "Bigfish1995"]
[Result "1-0"]
[WhiteElo "2919"]
[BlackElo "2988"]
[TimeControl "180+2"]
[EndTime "15:18:32 PST"]
[Termination "jefferyx won by resignation"]

1. e4 c5 2. Nf3 Nc6 3. Nc3 e5 4. Bc4 d6 5. d3 Be7 6. Nd2 Bg5 7. Nf1 h5 8. Nd5 Bxc1 9. Qxc1 Be6 10. c3 a6 11. a4 Na5 12. Nfe3 Nxc4 13. dxc4 Nf6 14. Nxf6+ Qxf6 15. Qd1 Rd8 16. Qb3 Rd7 17. Rd1 h4 18. h3 g6 19. Qb6 Qf4 20. Rxd6 Qxe4 21. O-O O-O 22. Rxd7 Bxd7 23. Nd5 Qd3 24. Qd6 Bf5 25. Qxe5 Qxc4 26. Ne7+ Kh7 27. Nxf5 gxf5 28. Qxf5+ Kg7 29. Re1 Qxa4 30. Qg5+ Kh7 31. Qh5+ Kg7 32. Re5 Qf4 33. Rf5 Qd6 34. Qg4+ 1-0

[Event "*** Titled Tuesday Blitz"]
[Site "Chess.com"]
[Date "2019.12.03"]
[Round "10"]
[White "PowerThinking2650"]
[Black "arminmusovic"]
[Result "0-1"]
[WhiteElo "2384"]
[BlackElo "2556"]
[TimeControl "180+2"]
[EndTime "15:18:38 PST"]
[Termination "arminmusovic won by resignation"]

1. e4 c6 2. d4 d5 3. Nc3 dxe4 4.
Nxe4 Nf6 5. Nxf6+ exf6 6. c3 Bd6 7. Bd3 O-O 8. Qc2 Re8+ 9. Ne2 Kh8 10. Be3 Nd7 11.
O-O-O Nf8 12. Ng3 Bg4 13. Rde1 Qc7 14. Nf5 Bf4 15. h3 Bh5 16. Bxf4 Qxf4+ 17. Qd2 Qc7 18.
Rxe8 Rxe8 19. Re1 Rd8 20. Re7 Qh2 21. f3 c5 22. d5 Bg6 23. c4 b5 24. Ne3 bxc4 25. Bxc4 h5 26. d6 Rxd6 27. Qf2 Kh7 28. f4 f5 29. Nf1 Qh1 30. Re1 Rd4 31. b3 Ne6 32. Bxe6 fxe6 33. Rxe6 Re4 34. Rxe4 fxe4 35. f5 Be8 36. Kd2 Bb5 37. Ke1 e3 38. Qf3 e2 39.
Qxh5+ Kg8 40. Qxe2 Bxe2 41. Kxe2 Qxg2+ 0-1

[Event "*** Titled Tuesday Blitz"]
[Site "Chess.com"]
[Date "2019.12.03"]
[Round "10"]
[White "MatthewG-p4p"]
[Black "KRASAVCHIK2002"]
[Result "0-1"]
[WhiteElo "2776"]
[BlackElo "2522"]
[TimeControl "180+2"]
[EndTime "15:18:39 PST"]
[Termination "KRASAVCHIK2002 won by resignation"]

1. f4 c5 2. Nf3 d5 3. g3 Nc6 4. Bg2 Bg4 5. O-O Bxf3 6. Bxf3 e6 7. d3 Nf6 8. Nc3 Be7 9. e4 dxe4 10. dxe4 Qxd1 11.
Bxd1 O-O-O 12. Be3 Nd4 13. Bf2 a6 14. e5 Nd5 15. Ne4 b6 16. c3 Nc6 17. Be2 Kb7 18. Bf3 Rd7 19. Rfd1 Rhd8 20. Rd2 Kc7 21. Rad1 f5 22.
exf6 gxf6 23. Bg2 f5 24. Ng5 Bxg5 25. fxg5 Ne5 26. h3 Ne7 27. Rxd7+ Rxd7 28. Re1 N7g6 29. h4 Ng4 30. Rxe6 Rd2 31. Be3 Rd1+ 32. Bf1 Kd7 33. Rxb6 Nxe3 34. Kf2 Nxf1 35. Ke2 Rb1 36. Rb7+ Ke6 37.
Rxh7 Nxg3+ 38. Kf3 Ne4 39. Rh6 Kf7 40. Rh7+ Kg8 41.
Rb7 Rf1+ 42. Ke2 Rh1 43. Rb6 Nxh4 44. Rxa6 Rh2+ 45. Kd3 Rxb2 46. Ra7 Nxg5 47. Ke3 Ng6 48. a4 f4+ 49. Kd3 f3 50. Ke3 f2 51. Ra8+ Kg7 0-1

[Event "*** Titled Tuesday Blitz"]
[Site "Chess.com"]
[Date "2019.12.03"]
[Round "10"]
[White "Mikhail_Golubev"]
[Black "Alopekos"]
[Result "0-1"]
[WhiteElo "2596"]
[BlackElo "2509"]
[TimeControl "180+2"]
[EndTime "15:18:40 PST"]
[Termination "Alopekos won on time"]

1. e4 e5 2. Nf3 Nc6 3. Nc3 Nf6 4. d4 exd4 5. Nxd4 Bb4 6. Nxc6 bxc6 7. Bd3 d5 8. Bd2 O-O 9. O-O Bxc3 10. Bxc3 Nxe4 11.
Bxe4 dxe4 12. Qe2 Qd5 13. Rad1 Qe6 14. Rd4 f5 15. Rfd1 c5 16. Rd5 Bb7 17. Rxc5 Rf7 18. Re5 Qc6 19. Qh5 e3 20. f3 f4 21. Rd4 Raf8 22. Rg5 e2 23. Qh4 Re8 24. Qe1 Qb6 25. h3 Rd7 26. Kh2 Rxd4 27. Qf2 Rd7 0-1

[Event "*** Titled Tuesday Blitz"]
[Site "Chess.com"]
[Date "2019.12.03"]
[Round "10"]
[White "WorldChampionBulletChess"]
[Black "Nancy11111"]
[Result "0-1"]
[WhiteElo "2101"]
[BlackElo "2324"]
[TimeControl "180+2"]
[EndTime "15:18:40 PST"]
[Termination "Nancy11111 won by resignation"]

1. e4 c5 2. Nf3 d6 3. c3 Nc6 4. Be2 Nf6 5. Qc2 g6 6. O-O Bg7 7. d4 cxd4 8. cxd4 O-O 9. h3 a5 10. Nc3 Bd7 11. Be3 Rc8 12. a3 e6 13. Rac1 Qe7 14. d5 exd5 15. exd5 Ne5 16. Qb3 Rb8 17. Bb6 a4 18. Qb4 Rfc8 19. Nxe5 Qxe5 20. Bf3 Qg5 21.
Kh1 Nxd5 22. Nxd5 Rxc1 23. Rxc1 Qxc1+ 24. Kh2 Be5+ 25. g3 Qxb2 26. Qh4 Bc6 27. Ne7+ Kg7 28. Be3 Bxf3 29. Nf5+ gxf5 30. Qg5+ Kh8 31. Qxf5 Bc6 32. Qxf7 Qb1 33. f3 Qc2+ 34. Kg1 Qd1+ 35. Kf2 Qxf3+ 36. Qxf3 Bxf3 0-1

[Event "*** Titled Tuesday Blitz"]
[Site "Chess.com"]
[Date "2019.12.03"]
[Round "10"]
[White "INLOVEWITHF"]
[Black "olksuna"]
[Result "0-1"]
[WhiteElo "2448"]
[BlackElo "2583"]
[TimeControl "180+2"]
[EndTime "15:18:51 PST"]
[Termination "olksuna won by resignation"]

1. e4 c5 2. Nf3 Nc6 3. d4 cxd4 4. Nxd4 g6 5. c4 Bg7 6. Be3 Nf6 7. Nc3 Ng4 8. Qxg4 Nxd4 9. Qd1 e5 10. Bd3 d6 11.
O-O O-O 12. a4 Be6 13. a5 Rc8 14. Qa4 f5 15. f4 exf4 16. Bxf4 g5 17. exf5 Bxf5 18.
Bxf5 Rxf5 19. Be3 Rcc5 20. a6 Ra5 21. Qd1 Rxf1+ 22. Qxf1 Rxa1 23. Qxa1 Nc2 24. Qc1 Nxe3 25. Qxe3 bxa6 26. Qxa7 Qc8 27. Nd5 Qxc4 28. Qb8+ Kf7 29. Qb7+ Ke6 30. Nc7+ Kf5 31. Qc8+ Ke4 32. Qg4+ Kd3 33.
Qd1+ Ke4 34. Qf3+ Ke5 35. Qg3+ Kf5 36. Qf3+ Kg6 37. Nd5 Bd4+ 38. Ne3 Qc1+ 39. Kf2 Qd2+ 0-1

[Event "*** Titled Tuesday Blitz"]
[Site "Chess.com"]
[Date "2019.12.03"]
[Round "10"]
[White "Vyacheslav_N"]
[Black "Sergey85Rodchenkov"]
[Result "0-1"]
[WhiteElo "2437"]
[BlackElo "2501"]
[TimeControl "180+2"]
[EndTime "15:18:52 PST"]
[Termination "Sergey85Rodchenkov won by checkmate"]

1. e4 c5 2. Nf3 e6 3. c4 a6 4. Nc3 Qc7 5. d4 cxd4 6. Nxd4 b6 7. Be2 Bb7 8. O-O Nf6 9. f3 Bd6 10.
Ncb5 axb5 11. Nxb5 Bc5+ 12. Kh1 Qc6 13. e5 Nh5 14. g4 Ng3+ 15. hxg3 h5 16. g5 d5 17. exd6 O-O 18. Bd3 Qd7 19. Be4 Nc6 20. f4 g6 21.
Kh2 f5 22. gxf6 Rxf6 23. Bd2 e5 24. Bd5+ Kh7 25. fxe5 Rxf1 26. Qxf1 Nxe5 27. Nc7 Ng4+ 28. Kg2 Bxd6 29. Ne6 Qxe6 30. Bxb7 Rf8 31. Bf3 Qe5 32. Bf4 Rxf4 33. gxf4 Qxf4 34. Bxg4 Qg3+ 35. Kh1 Qh2# 0-1

[Event "*** Titled Tuesday Blitz"]
[Site "Chess.com"]
[Date "2019.12.03"]
[Round "10"]
[White "ehrenfeld"]
[Black "Jbd735"]
[Result "0-1"]
[WhiteElo "2545"]
[BlackElo "2463"]
[TimeControl "180+2"]
[EndTime "15:18:55 PST"]
[Termination "Jbd735 won by resignation"]

1. e4 e5 2. Nc3 Nc6 3. Bc4 Nf6 4.
d3 Bb4 5. Ne2 d5 6. exd5 Nxd5 7.
O-O Nxc3 8. Nxc3 O-O 9. Ne4 h6 10. a3 Bd6 11. Qh5 Be6 12. Bxe6 fxe6 13. Bxh6 gxh6 14. Qg6+ Kh8 15. Qxh6+ Kg8 16. Qxe6+ Rf7 17. Qg6+ Rg7 18. Qe6+ Kf8 19. f4 exf4 20. Qh6 Be5 21. c3 Qxd3 22. Rae1 Kg8 23. Ng5 Qg6 24. Qxg6 Rxg6 25. Nf3 Bd6 26. Re4 Rf8 27. b4 a6 28.
a4 Rf5 29. Rd1 Rg7 30. Re2 Kf8 31. Kf1 Re7 32. Red2 Rh5 33. Rb2 Ne5 34. Nd4 Nc4 35. Rf2 Ne3+ 0-1

[Event "*** Titled Tuesday Blitz"]
[Site "Chess.com"]
[Date "2019.12.03"]
[Round "10"]
[White "PNEPaul"]
[Black "Laico"]
[Result "0-1"]
[WhiteElo "1744"]
[BlackElo "2338"]
[TimeControl "180+2"]
[EndTime "15:18:58 PST"]
[Termination "Laico won by resignation"]

1. e4 e6 2. d4 d5 3. e5 c5 4. Qg4 cxd4 5. Nf3 f5 6. Qg3 Nc6 7.
Bd3 Nh6 8. Bf4 Nf7 9. h4 g6 10. c3 Qb6 11. b3 Bd7 12. O-O Be7 13. Ng5 h6 14. Nxe6 Bxe6 15. Qxg6 Kd7 16. Bxf5 Ncxe5 17.
Bxe5 Nxe5 18. Bxe6+ Qxe6 19. Qxe6+ Kxe6 20. cxd4 Nc6 21. Re1+ Kd6 22. Nc3 Bxh4 23. Nb5+ Kd7 24. g3 Bf6 25. Rad1 Rae8 26. Rxe8 Rxe8 27. Nc3 Kd6 28.
Nb5+ Kd7 29. Nc3 Ne7 30. Re1 Bxd4 31. Nxd5 Nxd5 32. Rd1 Bxf2+ 33. Kxf2 Kd6 34. Rh1 Re6 35. Rd1 Kc5 36. Kf3 h5 37. g4 Re3+ 38. Kf2 hxg4 39. Rxd5+ Kxd5 40. Kxe3 g3 41. Kf3 Kd4 42. Kxg3 Kc3 43.
Kf3 Kb2 44. a4 Kxb3 45. a5 Kb4 0-1

[Event "*** Titled Tuesday Blitz"]
[Site "Chess.com"]
[Date "2019.12.03"]
[Round "10"]
[White "bluejay1897"]
[Black "Kosche007"]
[Result "1-0"]
[WhiteElo "2376"]
[BlackElo "2314"]
[TimeControl "180+2"]
[EndTime "15:19:11 PST"]
[Termination "bluejay1897 won by resignation"]

1. Nf3 Nf6 2. g3 g6 3. b3 Bg7 4. Bb2 d6 5. d4 c5 6. Bg2 Qa5+ 7. Nbd2 Ne4 8. O-O Nxd2 9. Nxd2 cxd4 10. Nc4 Qc5 11. e3 Nc6 12. Re1 O-O 13. exd4 Bxd4 14. Bxd4 Nxd4 15. Rxe7 d5 16. Re5 Be6 17. Ne3 f6 18. Rxe6 Nxe6 19. Bxd5 Rae8 20. Bxb7 Rd8 21. Bd5 Kg7 22. c4 Ng5 23. h4 Nf7 24. Rb1 a5 25. Qc1 Ne5 26. a3 Rfe8 27. b4 axb4 28. axb4 Qd4 29. b5 Nd3 30. Qd2 Rxd5 31. cxd5 Qe4 32. Rd1 Ne5 33. Qc2 Qf3 34. d6 Kh6 35. d7 Rd8 36.
Qc7 Qa8 37. f4 Nf3+ 38. Kf2 Nxh4 39. gxh4 Qa2+ 40. Kf3 Qg8 41. Ng4+ Kh5 42. Nxf6+ Kh6 43. Nxg8+ Kg7 44. Qxd8 1-0

[Event "*** Titled Tuesday Blitz"]
[Site "Chess.com"]
[Date "2019.12.03"]
[Round "10"]
[White "Olga_Zhuravleva"]
[Black "MasterKroket"]
[Result "1-0"]
[WhiteElo "2271"]
[BlackElo "2413"]
[TimeControl "180+2"]
[EndTime "15:19:12 PST"]
[Termination "Olga_Zhuravleva won by resignation"]

1. e4 c5 2. Nf3 e6 3. d4 cxd4 4. Nxd4 Nc6 5. Nc3 Qc7 6. f4 Nxd4 7. Qxd4 b6 8. Qd3 Bb7 9. Be2 Nf6 10. O-O Bb4 11. Bf3 O-O 12. Bd2 a5 13. Nb5 Bc5+ 14.
Kh1 Qb8 15. c4 Rd8 16. e5 Ne8 17. Bxb7 Qxb7 18. f5 d5 19. fxe6 fxe6 20. Qh3 Qe7 21. cxd5 Rxd5 22. Bg5 Qd7 23. Nc3 Rxe5 24. Rad1 Qc6 25.
Qg3 Bd6 26. Bf4 Rf5 27. Bxd6 Nxd6 28. Rfe1 Raf8 29. h3 Nf7 30. Ne4 Ne5 31. Nd6 Nf3 32. Nxf5 Rxf5 33. Rd8+ Kf7 34. Red1 Ne5 35. Qc3 Qe4 36.
Qc7+ Kg6 37. Rg8 Kh5 38. Qxg7 Kh4 39. Qxh7+ 1-0

[Event "*** Titled Tuesday Blitz"]
[Site "Chess.com"]
[Date "2019.12.03"]
[Round "10"]
[White "Azatic"]
[Black "Chempiblinka"]
[Result "1-0"]
[WhiteElo "2607"]
[BlackElo "2365"]
[TimeControl "180+2"]
[EndTime "15:19:17 PST"]
[Termination "Azatic won by resignation"]

1. e4 Nf6 2. e5 Nd5 3. c4 Nb6 4. c5 Nd5 5. Bc4 e6 6. d4 b6 7. cxb6 axb6 8. Bxd5 exd5 9. Nc3 c6 10. Nf3 Ba6 11. Ne2 Be7 12. O-O O-O 13. Re1 Bxe2 14.
Qxe2 Na6 15. Bf4 Nc7 16. Qd3 Ne6 17. Bd2 Ra4 18. b3 Ra7 19. g3 Qa8 20. Qc2 f6 21. exf6 Rxf6 22. Ne5 Nxd4 23. Qd3 Ne6 24. h4 Bc5 25.
Re2 Nd4 26. Ree1 d6 27. Ng4 Rf3 28. Qf1 h5 29. Ne3 Rxa2 30. b4 Nb3 31. Rxa2 Qxa2 32. bxc5 Nxd2 33. Qe2 bxc5 34. Rd1 d4 35. Rxd2 Qb1+ 36.
Rd1 Qe4 37. Qa2+ d5 38. Ng2 Rc3 39. Re1 Qf5 40. Qa8+ Kh7 41. Nf4 d3 42. Re8 Qxf4 43. gxf4 d2 44. Rh8+ Kg6 45. Qe8+ Kf5 46. Qxh5+ Ke4 47.
Kg2 Rc1 48. Qe2+ 1-0

[Event "*** Titled Tuesday Blitz"]
[Site "Chess.com"]
[Date "2019.12.03"]
[Round "10"]
[White "kleopl"]
[Black "Region_07"]
[Result "1-0"]
[WhiteElo "2489"]
[BlackElo "2382"]
[TimeControl "180+2"]
[EndTime "15:19:19 PST"]
[Termination "kleopl won by resignation"]

1. c4 f5 2. Nc3 Nf6 3. d4 d6 4. g3 g6 5. Bg2 Bg7 6. Nf3 O-O 7. O-O c6 8. Qc2 Na6 9. a3 Qc7 10. b4 e5 11. Bb2 Qe7 12. dxe5 dxe5 13. e4 Nc7 14. Rfe1 fxe4 15. Nxe4 Nxe4 16. Qxe4 Bf5 17. Qe2 Rae8 18. Bxe5 Bg4 19. Bxg7 Qxg7 20. Qd3 Bf5 21. Qd4 Qxd4 22. Nxd4 Bd3 23. c5 Bc4 24. Bh3 Kg7 25. Rad1 Bd5 26. f4 h5 27. Re5 Rxe5 28.
fxe5 Re8 29. Re1 Ne6 30. Nxe6+ Bxe6 31. Bxe6 Rxe6 32. Kf2 Re8 33. Kf3 Rd8 34. Ke4 Rd2 35.
h4 Kf7 36. Kf4 Ke6 37. Re3 Rd4+ 38. Kg5 Rg4+ 39. Kh6 a6 40. a4 Ke7 41. e6 Rxb4 42.
Kxg6 Rxa4 43. Kxh5 Rc4 44. Re5 a5 45. g4 a4 46. g5 a3 47. Re2 Ra4 48. Ra2 Kxe6 49. Kg6 Kd5 50. h5 Kxc5 51. h6 Kb4 52. h7 Ra8 53.
Kh6 Kb3 54. Ra1 Kb2 55. Rg1 a2 56. g6 b5 57. g7 a1=Q 58. Rxa1 Kxa1 59. h8=Q Rxh8+ 60. gxh8=Q+ Ka2 61. Qd4 1-0

[Event "*** Titled Tuesday Blitz"]
[Site "Chess.com"]
[Date "2019.12.03"]
[Round "10"]
[White "nitpicker"]
[Black "BvsN"]
[Result "1-0"]
[WhiteElo "2296"]
[BlackElo "2351"]
[TimeControl "180+2"]
[EndTime "15:19:20 PST"]
[Termination "nitpicker won by resignation"]

1. d4 d5 2. c4 c6 3. Nf3 Nf6 4. Nc3 e6 5. e3 Nbd7 6. b3 Bb4 7. Bd2 Qe7 8. Bd3 O-O 9. O-O Bd6 10. e4 dxe4 11. Nxe4 Nxe4 12. Bxe4 Nf6 13. Bc2 b6 14. Bc3 Bb7 15. Qd3 g6 16. Rfe1 Qd8 17. Rad1 Be7 18. Qe3 Qc7 19. h3 Rfe8 20. Qe5 Rac8 21. Ng5 Nd7 22.
Qe3 e5 23. dxe5 Nc5 24. b4 Ne6 25. Ne4 c5 26. Nd6 Bxd6 27. exd6 Qc6 28. f3 Rcd8 29. Qh6 Nd4 30. Rxe8+ Qxe8 31. Bxd4 cxd4 32. Rxd4 Qe1+ 33. Kh2 Qe5+ 34. Qf4 Qxf4+ 35. Rxf4 Rxd6 36. c5 Rd2 37. Bb3 Bd5 38. Bxd5 Rxd5 39. c6 Rd2 40. Rc4 Rd8 41. b5 Kf8 42. Re4 Rd2 43. a4 Rc2 44. Rd4 Ke8 45.
Rd7 a6 46. Rb7 axb5 47. axb5 h5 48. h4 f6 49. Rxb6 g5 50. hxg5 fxg5 51. Rb7 Kd8 52. Rg7 h4 53. Rxg5 1-0

[Event "*** Titled Tuesday Blitz"]
[Site "Chess.com"]
[Date "2019.12.03"]
[Round "10"]
[White "Korchmar_Vasiliy"]
[Black "kuli4ik"]
[Result "0-1"]
[WhiteElo "2759"]
[BlackElo "2826"]
[TimeControl "180+2"]
[EndTime "15:19:28 PST"]
[Termination "kuli4ik won on time"]

1. d4 g6 2. e4 Bg7 3. Nc3 a6 4.
f4 b5 5. Nf3 Bb7 6. Bd3 d6 7.
a4 b4 8. Ne2 Nd7 9. a5 c5 10.
c3 Ngf6 11. e5 Nd5 12. O-O O-O 13. Bd2 bxc3 14. bxc3 cxd4 15. cxd4 dxe5 16. fxe5 Nc7 17. Nf4 Nd5 18. Nxd5 Bxd5 19. Qe2 Nb8 20. Ng5 Nc6 21. Qg4 h6 22. Nh3 Be6 23. Qh4 Qxd4+ 24. Qxd4 Nxd4 25. Nf4 Bf5 26. Bxf5 Nxf5 27. Rae1 Rfd8 28. Bb4 Rab8 29. Bc5 e6 30. Bb6 Rd2 31. Rf2 Rxf2 32. Kxf2 Rc8 33. Nd3 Bf8 34. g4 Ne7 35. Nc5 Nd5 36.
Nxa6 Rc4 37. Nb8 Nxb6 38. axb6 Bc5+ 39. Kf3 Bxb6 40. Nd7 Rc3+ 41. Kg2 Rc2+ 42. Kf3 Bd8 43. Rb1 Bh4 44. Rb8+ Kg7 45. Ke4 Bg5 46. Rb7 h5 47. h3 h4 48. Kf3 Be7 0-1